 Dungeon Crawl Stone Soup version 0.16.2 (webtiles) character file.

325 Redwan the Magician (level 6, -2/32 HPs)
             Began as a Deep Elf Fire Elementalist on Aug 13, 2015.
             Slain by a worker ant (4 damage)
             ... on level 4 of the Dungeon.
             The game lasted 00:15:53 (2815 turns).

Redwan the Magician (Deep Elf Fire Elementalist)    Turns: 2815, Time: 00:15:53

Health: -2/32      AC:  4    Str:  5    XL:     6   Next: 24%
Magic:  0/21       EV: 13    Int: 22    God:
Gold:   96         SH:  0    Dex: 15    Spells: 5 memorised, 0 levels left

rFire  . . .     SeeInvis .     g - -3 dagger (curse)
rCold  + + .     Clarity  .     a - +0 robe
rNeg   . . .     SustAb   .     (no shield)
rPois  .         Gourm    .     (no helmet)
rElec  .         Spirit   .     m - +2 cloak
rCorr  .         Warding  .     (no gloves)
rMut   .         Stasis   .     (no boots)
MR     .....                    (no amulet)
Stlth  ++........               (no ring)
                                d - ring of protection from cold

@: lethally poisoned (-2 -> -11), very slightly contaminated, not resistant to
hostile enchantments, unstealthy
A: talons 1, cold resistance 1, deformed body
a: no special abilities


You were on level 4 of the Dungeon.
You were very hungry.

You visited 1 branch of the dungeon, and saw 4 of its levels.

You collected 96 gold pieces.

Inventory:

Hand weapons
 f - a +0 dagger
 g - a cursed -3 dagger (weapon)
Armour
 a - a +0 robe (worn)
 m - a +2 cloak (worn)
Jewellery
 d - a ring of protection from cold (left hand)
Scrolls
 q - a scroll of magic mapping
Potions
 e - a potion of ambrosia
 j - a potion of agility
 k - 3 potions of curing
 n - 2 potions of brilliance {unknown}
 r - a potion of poison {unknown}
 s - a potion of might {unknown}
 t - a potion of magic {unknown}
Books
 b - a book of Flames

   Spells                             Type                      Level
   a - Flame Tongue                   Conjuration/Fire             1
   b - Throw Flame                    Conjuration/Fire             2
   c - Conjure Flame                  Conjuration/Fire             3
   d - Inner Flame                    Hexes/Fire                   3
   e - Sticky Flame                   Conjuration/Fire             4
   f - Fireball                       Conjuration/Fire             5
 i - a book of Dreams

   Spells                             Type                      Level
   a - Ensorcelled Hibernation        Hexes/Ice                    2
   b - Flight                         Charms/Air                   3
   c - Phase Shift                    Translocation                5
   d - Shadow Creatures               Summoning                    5
   e - Mass Confusion                 Hexes                        6
   f - Darkness                       Hexes                        7
Comestibles
 c - a bread ration
 h - 4 meat rations
 v - 2 chunks of flesh


   Skills:
 + Level 3.3 Dodging
 + Level 2.9 Stealth
 + Level 5.4 Spellcasting
 + Level 3.1 Conjurations
 + Level 5.3 Fire Magic


You couldn't memorise any spells.
You knew the following spells:

 Your Spells              Type           Power        Failure   Level  Hunger
a - Flame Tongue          Conj/Fire      ###..        1%          1    None
b - Throw Flame           Conj/Fire      ###...       2%          2    None
c - Conjure Flame         Conj/Fire      ###.....     6%          3    ##.....
d - Sticky Flame          Conj/Fire      ###.....     17%         4    ####...
e - Fireball              Conj/Fire      ###.......   50%         5    #####..


Dungeon Overview and Level Annotations

Branches:
Dungeon (4/15)
 Temple: D:4-7

Altars:
Cheibriados
Fedhas
Qazlal
Trog
Zin


Innate Abilities, Weirdness & Mutations

You have sharp toenails.
Your flesh is cold resistant.
Armour fits poorly on your strangely shaped body.


Message History

You claw the worker ant, but do no damage.
The worker ant is almost dead.
* * * LOW HITPOINT WARNING * * *
You feel sick.
The worker ant bites you but does no damage.
You hit the worker ant but do no damage.
You claw the worker ant, but do no damage.
The worker ant is almost dead.
* * * LOW HITPOINT WARNING * * *
You feel sick. The worker ant barely misses you.
Casting: Flame Tongue
Confirm with . or Enter, or press ? or * to list all spells.
Aiming: Flame Tongue
Press: ? - help, Shift-Dir - straight line, f/p - worker ant
Aim: a worker ant (almost dead)
The flame tongue hits the worker ant.
The worker ant is almost dead.
* * * LOW HITPOINT WARNING * * *
You feel sick. The worker ant bites you.
You die...

..........................#.#.##.
#######################...#.#.##.
#### #...#.#.##. ... ....>.#.##.
#.# ##....##.##. #.## #.......##.
#..## #.########)
#...####..........
#@#..##..#.#......
#a#......#.#..<...
#.##....##.#..))..
#.##....##.#......
#..##..##..#......
########..##..# ..#......
#..........#### .........
#..........# ..#.######
#...........# ##.


You could see a worker ant.

Vanquished Creatures
  An ogre (D:3)
  A giant frog skeleton (D:4)
  Crazy Yiuf (D:2)
  A worker ant (D:4)
  Jessica (D:2)
  3 adders
  3 gnolls (D:4)
  A giant mite (D:1)
  A worm (D:1)
  2 giant geckos
  An ooze (D:1)
  2 giant cockroaches
  8 goblins
  8 hobgoblins
  2 quokkas
  5 bats
  3 giant newts (D:1)
  14 kobolds
  9 rats
67 creatures vanquished.

Notes
Turn   | Place    | Note
--------------------------------------------------------------
     0 | D:1      | Redwan, the Deep Elf Fire Elementalist, began the quest for the Orb.
     0 | D:1      | Reached XP level 1. HP: 10/10 MP: 5/5
    87 | D:1      | Reached XP level 2. HP: 13/15 MP: 1/8
   174 | D:1      | Learned a level 2 spell: Throw Flame
   420 | D:1      | Reached skill level 4 in Fire Magic
   548 | D:1      | Reached XP level 3. HP: 19/19 MP: 2/11
  1214 | D:3      | Noticed an ogre
  1220 | D:3      | Learned a level 3 spell: Conjure Flame
  1371 | D:3      | Found a bloodstained altar of Trog.
  1449 | D:2      | Found a glowing silver altar of Zin.
  1586 | D:2      | Found a snail-covered altar of Cheibriados.
  1586 | D:2      | Found a stormy altar of Qazlal.
  1721 | D:2      | Reached XP level 4. HP: 24/24 MP: 7/15
  1855 | D:2      | Noticed Crazy Yiuf
  1869 | D:2      | Killed Crazy Yiuf
  1969 | D:2      | Found a blossoming altar of Fedhas.
  1981 | D:2      | Noticed Jessica
  1983 | D:2      | Killed Jessica
  2209 | D:2      | Reached XP level 5. HP: 28/28 MP: 3/18
  2328 | D:3      | Killed an ogre
  2328 | D:3      | Reached skill level 5 in Spellcasting
  2328 | D:3      | Reached skill level 5 in Fire Magic
  2650 | D:4      | Gained mutation: You have sharp toenails. [potion of mutation]
  2650 | D:4      | Gained mutation: Armour fits poorly on your strangely shaped body. [potion of mutation]
  2650 | D:4      | Gained mutation: Your flesh is cold resistant. [potion of mutation]
  2729 | D:4      | Reached XP level 6. HP: 32/32 MP: 14/21
  2745 | D:4      | Learned a level 4 spell: Sticky Flame
  2751 | D:4      | Learned a level 5 spell: Fireball
  2815 | D:4      | Slain by a worker ant

Action                   |  1- 3 |  4- 6 || total
-------------------------+-------+-------++-------
Melee: Dagger            |    19 |     4 ||    23
 Cast: Flame Tongue      |    41 |    34 ||    75
       Throw Flame       |    35 |    35 ||    70
       Conjure Flame     |     1 |     2 ||     3
       Sticky Flame      |       |     2 ||     2
  Use: Scroll            |     2 |     5 ||     7
       Potion            |     2 |     1 ||     3
  Eat: Bread ration      |     1 |       ||     1
       Chunk             |       |     2 ||     2
